Devils vs Avalanche

Created - March 2 2007 at 20:56

Goals
1 2 3 OT1 T
Devils 0 2 0 1 3
Avalanche 1 0 1 0 2
Shots
1 2 3 OT1 T
Devils 6 11 11 2 30
Avalanche 8 22 10 1 41

Period #1

1. Avalanche , Pierre Turgeon 16 (Antti Laaksonen, Ken Klee) at 16:39

Penalities :
Colin White (NJD) for Slashing (Minor) at 1:37, Alexei Zhitnik (COL) for Interference (Minor) at 12:19, Ossi Vaananen (COL) for Hooking (Minor) at 14:23

Period #2

2. Devils , Sergei Brylin 12 (Jamie Langenbrunner) at 9:23
3. Devils , Miroslav Satan 19 (Brian Gionta, Colin White) at 17:38

Penalities :
Alexei Zhitnik (COL) for Cross-checking (Minor) at 0:30, Alexei Zhitnik (COL) for Abuse of Officials (Major / Game Misconduct) at 8:58, Brian Gionta (NJD) for Interference (Minor) at 13:29, Ken Klee (COL) for Fighting (Major) at 15:38, Brad Lukowich (NJD) for Fighting (Major) at 15:38

Period #3

4. Avalanche , Vyacheslav Kozlov 15 (Joe Sakic, Jaroslav Spacek) at 17:25 (PP)

Penalities :
Keith Ballard (COL) for Cross-checking (Minor) at 0:59, Jaroslav Spacek (COL) for Holding (Minor) at 6:25, Brad Lukowich (NJD) for Tripping (Minor) at 13:48, Juraj Kolnik (NJD) for Elbowing (Minor) at 17:11, Steve Konowalchuk (COL) for Clipping (Minor) at 17:57

Overtime #1

5. Devils , Miroslav Satan 20 (Brian Gionta, Paul Martin) at 4:46

Penalities :
No Penalty

Goalie Stats

Martin Brodeur (NJD), 39 saves from 41 shots - (0.951), W, 25-12-3, 64:47 minutes
Jose Theodore (COL), 27 saves from 30 shots - (0.900), OTL, 17-12-2, 64:47 minutes

Players Stats

Devils
Player Name              G  A  P  +/- PIM S  H  SB FO MP 
-----------------------------------------------------------
Brad Lukowich            0  0  0   0  7   3  0  3  0  15 
Brian Gionta             0  2  2   2  2   4  0  0  11 25 
Brian Rafalski           0  0  0   0  0   0  0  2  0  27 
Chris Campoli            0  0  0   1  0   0  1  2  0  16 
Chris Chelios            0  0  0   0  0   0  0  1  0  22 
Colin White              0  1  1   1  2   0  0  2  0  24 
Jamie Langenbrunner      0  1  1   0  0   3  1  0  0  15 
John Madden              0  0  0   0  0   1  0  0  2  19 
Juraj Kolnik             0  0  0   0  2   0  0  0  1  7  
Mike Comrie              0  0  0   0  0   3  0  0  20 20 
Mike Ribeiro             0  0  0   0  0   1  0  0  0  14 
Miroslav Satan           2  0  2   2  0   5  1  0  3  27 
Patrik Elias             0  0  0   0  0   2  0  0  18 21 
Paul Martin              0  1  1   2  0   0  1  0  0  25 
Richard Matvichuk        0  0  0   0  0   0  2  1  0  7  
Scott Gomez              0  0  0   0  0   4  1  0  15 22 
Sergei Brylin            1  0  1   0  0   4  1  1  19 14 
Zach Parise              0  0  0   0  0   0  0  0  7  7  
Avalanche
Player Name              G  A  P  +/- PIM S  H  SB FO MP 
-----------------------------------------------------------
Alexei Zhitnik           0  0  0   0  19  0  0  0  0  10 
Antti Laaksonen          0  1  1   1  0   7  1  0  0  14 
Brett McLean             0  0  0  -1  0   2  0  0  1  12 
Derek Armstrong          0  0  0  -1  0   0  0  0  17 13 
Jaroslav Spacek          0  1  1   0  2   2  0  0  0  23 
Joe Sakic                0  1  1  -1  0   5  0  0  39 24 
Joffrey Lupul            0  0  0  -1  0   9  1  0  13 27 
Jordan Leopold           0  0  0  -2  0   0  1  6  0  26 
Karlis Skrastins         0  0  0   1  0   2  1  0  0  24 
Keith Ballard            0  0  0  -2  2   0  1  0  0  27 
Ken Klee                 0  1  1   0  5   0  1  0  0  14 
Mike York                0  0  0  -2  0   1  0  0  4  24 
Niko Kapanen             0  0  0   0  0   4  0  0  8  8  
Ossi Vaananen            0  0  0   0  2   0  0  1  0  8  
Peter Bondra             0  0  0  -2  0   1  0  0  0  15 
Pierre Turgeon           1  0  1   1  0   5  1  0  11 13 
Steve Konowalchuk        0  0  0   1  2   1  0  1  1  14 
Vyacheslav Kozlov        1  0  1   0  0   2  0  0  2  23 

3 Stars

1 - Miroslav Satan (NJD)
2 - Martin Brodeur (NJD)
3 - Brian Gionta (NJD)

Power Play

Devils - 0 on 7 Attempt(s) - 0.00%
Avalanche - 1 on 4 Attempt(s) - 25.00%

Penalty Kill

Devils - 3 on 4 Attempt(s) - 75.00% - Score 0 goal in Penalty Kill
Avalanche - 7 on 7 Attempt(s) - 100.00% - Score 0 goal in Penalty Kill

Game Notes

Alexei Zhitnik ejected from game at 8:58 of 2nd period
Ken Klee and Brad Lukowich fight to a draw at 15:38 of 2nd period

Finance

Level 1 -- Attendance: 5750 (95.84%) -- Ticket Income $517,500.00
Level 2 -- Attendance: 3984 (79.67%) -- Ticket Income $239,040.00
Level 3 -- Attendance: 1598 (79.60%) -- Ticket Income $55,930.00
Level 4 -- Attendance: 2601 (65.02%) -- Ticket Income $65,025.00
Luxury Box -- Attendance: 722 (72.17%) -- Ticket Income $144,400.00
Game was played at the Pepsi Center
Total Attendance: 14655 (81.39%)
Total Ticket Income: $1,084,113.00
Other Income: $40,612.50
Total Income: $1,124,725.00


Play by Play

Period #1

0:01 of 1st period - Joffrey Lupul wins face-off versus Scott Gomez in neutral zone.
0:13 of 1st period - Icing by Alexei Zhitnik.
0:14 of 1st period - Mike Comrie wins face-off versus Joe Sakic in Avalanche zone.
0:33 of 1st period - Shot by John Madden.
0:33 of 1st period - Stopped by Jose Theodore without a rebound.
0:34 of 1st period - Derek Armstrong wins face-off versus Scott Gomez in Avalanche zone.
1:35 of 1st period - Shot by Brian Gionta.
1:35 of 1st period - Shot Misses the Net.
1:37 of 1st period - Minor Penalty to Colin White for Slashing.
1:38 of 1st period - Joe Sakic wins face-off versus Brian Gionta in neutral zone.
3:23 of 1st period - Shot by Joe Sakic.
3:23 of 1st period - Shot Misses the Net.
3:51 of 1st period - Mike Ribeiro is hit by Karlis Skrastins and loses puck.
4:47 of 1st period - Shot by Miroslav Satan.
4:47 of 1st period - Shot Blocked by Jordan Leopold.
4:50 of 1st period - Shot by Miroslav Satan.
4:50 of 1st period - Shot Misses the Net.
4:55 of 1st period - Shot by Juraj Kolnik.
4:55 of 1st period - Shot Misses the Net.
5:01 of 1st period - Icing by Keith Ballard.
5:02 of 1st period - Mike York wins face-off versus Brian Gionta in Avalanche zone.
5:25 of 1st period - Shot by Joffrey Lupul.
5:25 of 1st period - Stopped by Martin Brodeur with a rebound.
6:13 of 1st period - Off-side.
6:14 of 1st period - Pierre Turgeon wins face-off versus Sergei Brylin in neutral zone.
6:17 of 1st period - Shot by Antti Laaksonen.
6:17 of 1st period - Stopped by Martin Brodeur without a rebound.
6:18 of 1st period - Sergei Brylin wins face-off versus Derek Armstrong in Devils zone.
7:17 of 1st period - Shot by Steve Konowalchuk.
7:17 of 1st period - Shot Misses the Net.
7:30 of 1st period - Shot by Antti Laaksonen.
7:30 of 1st period - Shot Misses the Net.
7:33 of 1st period - Shot by Pierre Turgeon.
7:33 of 1st period - Shot Misses the Net.
7:34 of 1st period - Shot by Ken Klee.
7:34 of 1st period - Shot Misses the Net.
7:35 of 1st period - Shot by Karlis Skrastins.
7:35 of 1st period - Stopped by Martin Brodeur without a rebound.
7:36 of 1st period - Joe Sakic wins face-off versus Scott Gomez in Devils zone.
8:48 of 1st period - Icing by Ken Klee.
8:49 of 1st period - Pierre Turgeon wins face-off versus Juraj Kolnik in Avalanche zone.
9:15 of 1st period - Zach Parise is hit by Ken Klee and loses puck.
10:02 of 1st period - Mike Ribeiro is hit by Jordan Leopold and loses puck.
10:32 of 1st period - Shot by Joffrey Lupul.
10:32 of 1st period - Stopped by Martin Brodeur with a rebound.
11:31 of 1st period - Shot by Patrik Elias.
11:31 of 1st period - Stopped by Jose Theodore without a rebound.
11:32 of 1st period - Zach Parise wins face-off versus Derek Armstrong in Avalanche zone.
11:35 of 1st period - Shot by Patrik Elias.
11:35 of 1st period - Stopped by Jose Theodore without a rebound.
11:36 of 1st period - Sergei Brylin wins face-off versus Derek Armstrong in Avalanche zone.
12:09 of 1st period - Shot by Sergei Brylin.
12:09 of 1st period - Shot Blocked by Jordan Leopold.
12:19 of 1st period - Minor Penalty to Alexei Zhitnik for Interference.
12:20 of 1st period - Joe Sakic wins face-off versus Mike Comrie in neutral zone.
14:04 of 1st period - Icing by Brian Gionta.
14:05 of 1st period - Joe Sakic wins face-off versus Mike Comrie in Devils zone.
14:23 of 1st period - Minor Penalty to Ossi Vaananen for Hooking.
14:24 of 1st period - Scott Gomez wins face-off versus Joe Sakic in Avalanche zone.
14:47 of 1st period - Shot by Miroslav Satan.
14:47 of 1st period - Shot Misses the Net.
14:48 of 1st period - Shot by Patrik Elias.
14:48 of 1st period - Shot Misses the Net.
14:53 of 1st period - Shot by Scott Gomez.
14:53 of 1st period - Stopped by Jose Theodore with a rebound.
15:52 of 1st period - Shot by Scott Gomez.
15:52 of 1st period - Stopped by Jose Theodore with a rebound.
16:18 of 1st period - Icing by Jamie Langenbrunner.
16:19 of 1st period - Joffrey Lupul wins face-off versus Sergei Brylin in Devils zone.
16:19 of 1st period - Mike York is hit by Chris Campoli and loses puck.
16:25 of 1st period - Shot by Pierre Turgeon.
16:25 of 1st period - Stopped by Martin Brodeur with a rebound.
16:26 of 1st period - Shot by Ken Klee.
16:26 of 1st period - Shot Misses the Net.
16:29 of 1st period - Shot by Antti Laaksonen.
16:29 of 1st period - Shot Blocked by Chris Campoli.
16:30 of 1st period - Shot by Ken Klee.
16:30 of 1st period - Shot Blocked by Brad Lukowich.
16:33 of 1st period - Shot by Steve Konowalchuk.
16:33 of 1st period - Shot Misses the Net.
16:34 of 1st period - Shot by Antti Laaksonen.
16:34 of 1st period - Stopped by Martin Brodeur with a rebound.
16:39 of 1st period - Shot by Pierre Turgeon.
16:39 of 1st period - Goal by Pierre Turgeon - Devils : 0 - Avalanche : 1.
16:40 of 1st period - Joffrey Lupul wins face-off versus Zach Parise in neutral zone.
16:40 of 1st period - Brett McLean is hit by Richard Matvichuk and loses puck.
17:16 of 1st period - Shot by Juraj Kolnik.
17:16 of 1st period - Shot Blocked by Ossi Vaananen.
17:41 of 1st period - Shot by Jamie Langenbrunner.
17:41 of 1st period - Stopped by Jose Theodore without a rebound.
17:42 of 1st period - Mike York wins face-off versus Patrik Elias in Avalanche zone.
17:46 of 1st period - Peter Bondra is hit by Miroslav Satan and loses puck.
18:36 of 1st period - Shot by Brian Gionta.
18:36 of 1st period - Shot Misses the Net.
18:37 of 1st period - Shot by Colin White.
18:37 of 1st period - Shot Misses the Net.
18:44 of 1st period - Shot by Mike Comrie.
18:44 of 1st period - Shot Misses the Net.
18:45 of 1st period - Shot by Paul Martin.
18:45 of 1st period - Shot Misses the Net.
18:50 of 1st period - Shot by Mike Comrie.
18:50 of 1st period - Shot Misses the Net.
18:51 of 1st period - Shot by Colin White.
18:51 of 1st period - Shot Misses the Net.
19:10 of 1st period - Shot by Mike Ribeiro.
19:10 of 1st period - Shot Blocked by Jordan Leopold.
19:13 of 1st period - Shot by Sergei Brylin.
19:13 of 1st period - Shot Misses the Net.
19:44 of 1st period - Shot by Antti Laaksonen.
19:44 of 1st period - Stopped by Martin Brodeur without a rebound.
19:45 of 1st period - Zach Parise wins face-off versus Joe Sakic in Devils zone.

Period #2

0:01 of 2nd period - Joe Sakic wins face-off versus Scott Gomez in neutral zone.
0:25 of 2nd period - Patrik Elias is hit by Joffrey Lupul and loses puck.
0:30 of 2nd period - Minor Penalty to Alexei Zhitnik for Cross-checking.
0:31 of 2nd period - Mike Comrie wins face-off versus Joffrey Lupul in Avalanche zone.
0:32 of 2nd period - Shot by John Madden.
0:32 of 2nd period - Shot Misses the Net.
0:51 of 2nd period - Shot by Brian Gionta.
0:51 of 2nd period - Shot Blocked by Jordan Leopold.
1:14 of 2nd period - Shot by Brian Gionta.
1:14 of 2nd period - Stopped by Jose Theodore with a rebound.
1:15 of 2nd period - Shot by John Madden.
1:15 of 2nd period - Shot Misses the Net.
2:42 of 2nd period - Shot by Pierre Turgeon.
2:42 of 2nd period - Shot Blocked by Brad Lukowich.
2:43 of 2nd period - Shot by Ken Klee.
2:43 of 2nd period - Shot Blocked by Brad Lukowich.
2:54 of 2nd period - Shot by Antti Laaksonen.
2:54 of 2nd period - Stopped by Martin Brodeur with a rebound.
2:55 of 2nd period - Shot by Ken Klee.
2:55 of 2nd period - Shot Blocked by Sergei Brylin.
2:56 of 2nd period - Shot by Karlis Skrastins.
2:56 of 2nd period - Stopped by Martin Brodeur with a rebound.
2:59 of 2nd period - Shot by Antti Laaksonen.
2:59 of 2nd period - Shot Misses the Net.
3:00 of 2nd period - Shot by Pierre Turgeon.
3:00 of 2nd period - Stopped by Martin Brodeur without a rebound.
3:01 of 2nd period - Mike Comrie wins face-off versus Niko Kapanen in Devils zone.
3:30 of 2nd period - Shot by Niko Kapanen.
3:30 of 2nd period - Shot Misses the Net.
3:33 of 2nd period - Shot by Niko Kapanen.
3:33 of 2nd period - Shot Blocked by Colin White.
3:36 of 2nd period - Shot by Joffrey Lupul.
3:36 of 2nd period - Stopped by Martin Brodeur without a rebound.
3:37 of 2nd period - Sergei Brylin wins face-off versus Derek Armstrong in Devils zone.
4:16 of 2nd period - Shot by Mike Ribeiro.
4:16 of 2nd period - Shot Misses the Net.
5:05 of 2nd period - Shot by Pierre Turgeon.
5:05 of 2nd period - Stopped by Martin Brodeur without a rebound.
5:06 of 2nd period - Joe Sakic wins face-off versus Mike Comrie in Devils zone.
5:07 of 2nd period - Shot by Joffrey Lupul.
5:07 of 2nd period - Stopped by Martin Brodeur without a rebound.
5:08 of 2nd period - Mike Comrie wins face-off versus Joe Sakic in Devils zone.
5:31 of 2nd period - Shot by Joe Sakic.
5:31 of 2nd period - Shot Misses the Net.
6:04 of 2nd period - Shot by Jamie Langenbrunner.
6:04 of 2nd period - Stopped by Jose Theodore with a rebound.
6:05 of 2nd period - Shot by Brad Lukowich.
6:05 of 2nd period - Stopped by Jose Theodore without a rebound.
6:06 of 2nd period - Scott Gomez wins face-off versus Pierre Turgeon in Avalanche zone.
6:20 of 2nd period - Miroslav Satan is hit by Pierre Turgeon and loses puck.
6:28 of 2nd period - Shot by Steve Konowalchuk.
6:28 of 2nd period - Shot Blocked by Chris Chelios.
6:31 of 2nd period - Shot by Antti Laaksonen.
6:31 of 2nd period - Stopped by Martin Brodeur without a rebound.
6:32 of 2nd period - Derek Armstrong wins face-off versus Sergei Brylin in Devils zone.
6:33 of 2nd period - Shot by Mike York.
6:33 of 2nd period - Shot Misses the Net.
6:47 of 2nd period - Icing by Mike York.
6:48 of 2nd period - Derek Armstrong wins face-off versus Zach Parise in Avalanche zone.
6:59 of 2nd period - Shot by Mike York.
6:59 of 2nd period - Shot Blocked by Richard Matvichuk.
7:52 of 2nd period - Shot by Pierre Turgeon.
7:52 of 2nd period - Shot Misses the Net.
7:55 of 2nd period - Shot by Pierre Turgeon.
7:55 of 2nd period - Stopped by Martin Brodeur without a rebound.
7:56 of 2nd period - Sergei Brylin wins face-off versus Joe Sakic in Devils zone.
8:00 of 2nd period - Icing by Mike Ribeiro.
8:01 of 2nd period - Niko Kapanen wins face-off versus Sergei Brylin in Devils zone.
8:12 of 2nd period - Shot by Niko Kapanen.
8:12 of 2nd period - Shot Misses the Net.
8:15 of 2nd period - Shot by Joffrey Lupul.
8:15 of 2nd period - Stopped by Martin Brodeur without a rebound.
8:16 of 2nd period - Pierre Turgeon wins face-off versus Mike Comrie in Devils zone.
8:41 of 2nd period - Shot by Pierre Turgeon.
8:41 of 2nd period - Shot Hit the Post.
8:46 of 2nd period - Shot by Pierre Turgeon.
8:46 of 2nd period - Shot Misses the Net.
8:58 of 2nd period - Major / Game Misconduct Penalty to Alexei Zhitnik for Abuse of Officials.
8:58 of 2nd period - Alexei Zhitnik is ejected from game.
8:59 of 2nd period - Joe Sakic wins face-off versus Sergei Brylin in Devils zone.
9:04 of 2nd period - Shot by Joe Sakic.
9:04 of 2nd period - Shot Misses the Net.
9:11 of 2nd period - Shot by Jamie Langenbrunner.
9:11 of 2nd period - Stopped by Jose Theodore without a rebound.
9:12 of 2nd period - Niko Kapanen wins face-off versus Miroslav Satan in Avalanche zone.
9:18 of 2nd period - Off-side.
9:19 of 2nd period - Sergei Brylin wins face-off versus Derek Armstrong in neutral zone.
9:22 of 2nd period - Shot by Jamie Langenbrunner.
9:22 of 2nd period - Shot Blocked by Jordan Leopold.
9:23 of 2nd period - Shot by Sergei Brylin.
9:23 of 2nd period - Goal by Sergei Brylin - Devils : 1 - Avalanche : 1.
9:24 of 2nd period - Scott Gomez wins face-off versus Joffrey Lupul in neutral zone.
9:39 of 2nd period - Shot by Miroslav Satan.
9:39 of 2nd period - Stopped by Jose Theodore with a rebound.
9:44 of 2nd period - Shot by Jaroslav Spacek.
9:44 of 2nd period - Shot Blocked by Brian Rafalski.
9:47 of 2nd period - Shot by Joffrey Lupul.
9:47 of 2nd period - Stopped by Martin Brodeur without a rebound.
9:48 of 2nd period - Sergei Brylin wins face-off versus Derek Armstrong in Devils zone.
10:13 of 2nd period - Shot by Jamie Langenbrunner.
10:13 of 2nd period - Shot Misses the Net.
10:14 of 2nd period - Shot by Brad Lukowich.
10:14 of 2nd period - Stopped by Jose Theodore without a rebound.
10:15 of 2nd period - Brian Gionta wins face-off versus Pierre Turgeon in Avalanche zone.
10:56 of 2nd period - Shot by Pierre Turgeon.
10:56 of 2nd period - Shot Misses the Net.
11:24 of 2nd period - Icing by Chris Chelios.
11:25 of 2nd period - Niko Kapanen wins face-off versus Scott Gomez in Devils zone.
11:30 of 2nd period - Shot by Joffrey Lupul.
11:30 of 2nd period - Stopped by Martin Brodeur with a rebound.
11:31 of 2nd period - Shot by Brett McLean.
11:31 of 2nd period - Stopped by Martin Brodeur without a rebound.
11:32 of 2nd period - Derek Armstrong wins face-off versus Sergei Brylin in Devils zone.
11:40 of 2nd period - Sergei Brylin is hit by Keith Ballard and loses puck.
11:56 of 2nd period - Shot by Sergei Brylin.
11:56 of 2nd period - Stopped by Jose Theodore without a rebound.
11:57 of 2nd period - Niko Kapanen wins face-off versus Patrik Elias in Avalanche zone.
12:12 of 2nd period - Shot by Niko Kapanen.
12:12 of 2nd period - Stopped by Martin Brodeur without a rebound.
12:13 of 2nd period - Zach Parise wins face-off versus Pierre Turgeon in Devils zone.
12:17 of 2nd period - Miroslav Satan is hit by Antti Laaksonen and loses puck.
12:21 of 2nd period - Shot by Steve Konowalchuk.
12:21 of 2nd period - Stopped by Martin Brodeur without a rebound.
12:22 of 2nd period - Sergei Brylin wins face-off versus Joe Sakic in Devils zone.
12:30 of 2nd period - Icing by Jaroslav Spacek.
12:31 of 2nd period - Joe Sakic wins face-off versus Mike Comrie in Avalanche zone.
12:55 of 2nd period - Joe Sakic is hit by Paul Martin and loses puck.
13:01 of 2nd period - Shot by Joe Sakic.
13:01 of 2nd period - Shot Misses the Net.
13:29 of 2nd period - Minor Penalty to Brian Gionta for Interference.
13:30 of 2nd period - Patrik Elias wins face-off versus Derek Armstrong in Devils zone.
15:03 of 2nd period - Shot by Joe Sakic.
15:03 of 2nd period - Stopped by Martin Brodeur without a rebound.
15:04 of 2nd period - Joe Sakic wins face-off versus Mike Comrie in Devils zone.
15:22 of 2nd period - Icing by Joe Sakic.
15:23 of 2nd period - Joe Sakic wins face-off versus Patrik Elias in Avalanche zone.
15:31 of 2nd period - Jaroslav Spacek is hit by Sergei Brylin and loses puck.
15:35 of 2nd period - Shot by Antti Laaksonen.
15:35 of 2nd period - Stopped by Martin Brodeur with a rebound.
15:38 of 2nd period - Shot by Antti Laaksonen.
15:38 of 2nd period - Shot Misses the Net.
15:38 of 2nd period - Ken Klee and Brad Lukowich fight to a draw.
15:38 of 2nd period - Penalty to Ken Klee for Fighting.
15:38 of 2nd period - Penalty to Brad Lukowich for Fighting.
15:39 of 2nd period - Vyacheslav Kozlov wins face-off versus Patrik Elias in Devils zone.
15:50 of 2nd period - Shot by Brett McLean.
15:50 of 2nd period - Stopped by Martin Brodeur with a rebound.
15:55 of 2nd period - Shot by Brett McLean.
15:55 of 2nd period - Shot Blocked by Brian Rafalski.
15:58 of 2nd period - Shot by Brett McLean.
15:58 of 2nd period - Stopped by Martin Brodeur without a rebound.
15:59 of 2nd period - Joffrey Lupul wins face-off versus Brian Gionta in Devils zone.
16:18 of 2nd period - Shot by Miroslav Satan.
16:18 of 2nd period - Stopped by Jose Theodore without a rebound.
16:19 of 2nd period - Joe Sakic wins face-off versus Patrik Elias in Avalanche zone.
16:30 of 2nd period - Shot by Scott Gomez.
16:30 of 2nd period - Stopped by Jose Theodore without a rebound.
16:31 of 2nd period - Mike York wins face-off versus Brian Gionta in Avalanche zone.
16:52 of 2nd period - Shot by Peter Bondra.
16:52 of 2nd period - Stopped by Martin Brodeur with a rebound.
16:53 of 2nd period - Shot by Jaroslav Spacek.
16:53 of 2nd period - Stopped by Martin Brodeur without a rebound.
16:54 of 2nd period - Joe Sakic wins face-off versus Patrik Elias in Devils zone.
17:01 of 2nd period - Shot by Joe Sakic.
17:01 of 2nd period - Stopped by Martin Brodeur without a rebound.
17:02 of 2nd period - Mike York wins face-off versus Patrik Elias in Devils zone.
17:07 of 2nd period - Shot by Mike York.
17:07 of 2nd period - Shot Misses the Net.
17:10 of 2nd period - Shot by Mike York.
17:10 of 2nd period - Stopped by Martin Brodeur without a rebound.
17:11 of 2nd period - Joe Sakic wins face-off versus Brian Gionta in Devils zone.
17:15 of 2nd period - Icing by Miroslav Satan.
17:16 of 2nd period - Brian Gionta wins face-off versus Joffrey Lupul in Devils zone.
17:33 of 2nd period - Shot by Brian Gionta.
17:33 of 2nd period - Shot Misses the Net.
17:38 of 2nd period - Shot by Miroslav Satan.
17:38 of 2nd period - Goal by Miroslav Satan - Devils : 2 - Avalanche : 1.
17:39 of 2nd period - Joe Sakic wins face-off versus Patrik Elias in neutral zone.
17:53 of 2nd period - Icing by Chris Chelios.
17:54 of 2nd period - Joe Sakic wins face-off versus Patrik Elias in Devils zone.

Period #3

0:01 of 3rd period - Joe Sakic wins face-off versus Patrik Elias in neutral zone.
0:16 of 3rd period - Shot by Joe Sakic.
0:16 of 3rd period - Stopped by Martin Brodeur without a rebound.
0:17 of 3rd period - Joffrey Lupul wins face-off versus Brian Gionta in Devils zone.
0:34 of 3rd period - Shot by Brian Gionta.
0:34 of 3rd period - Stopped by Jose Theodore without a rebound.
0:35 of 3rd period - Scott Gomez wins face-off versus Joe Sakic in Avalanche zone.
0:48 of 3rd period - Shot by Mike Ribeiro.
0:48 of 3rd period - Stopped by Jose Theodore without a rebound.
0:49 of 3rd period - Scott Gomez wins face-off versus Vyacheslav Kozlov in Avalanche zone.
0:59 of 3rd period - Minor Penalty to Keith Ballard for Cross-checking.
1:00 of 3rd period - Mike Comrie wins face-off versus Joe Sakic in Devils zone.
3:13 of 3rd period - Shot by Mike Ribeiro.
3:13 of 3rd period - Stopped by Jose Theodore with a rebound.
3:19 of 3rd period - Off-side.
3:20 of 3rd period - Zach Parise wins face-off versus Joffrey Lupul in neutral zone.
4:00 of 3rd period - Icing by Brian Rafalski.
4:01 of 3rd period - Pierre Turgeon wins face-off versus Miroslav Satan in Devils zone.
4:14 of 3rd period - Shot by Antti Laaksonen.
4:14 of 3rd period - Stopped by Martin Brodeur without a rebound.
4:15 of 3rd period - Mike Comrie wins face-off versus Derek Armstrong in Devils zone.
4:20 of 3rd period - Shot by Mike Comrie.
4:20 of 3rd period - Stopped by Jose Theodore without a rebound.
4:21 of 3rd period - Pierre Turgeon wins face-off versus Sergei Brylin in Avalanche zone.
4:30 of 3rd period - Shot by Antti Laaksonen.
4:30 of 3rd period - Shot Misses the Net.
4:35 of 3rd period - Shot by Jamie Langenbrunner.
4:35 of 3rd period - Shot Blocked by Steve Konowalchuk.
4:51 of 3rd period - Icing by Karlis Skrastins.
4:52 of 3rd period - Pierre Turgeon wins face-off versus Mike Comrie in Avalanche zone.
5:12 of 3rd period - Icing by Paul Martin.
5:13 of 3rd period - Niko Kapanen wins face-off versus Brian Gionta in Devils zone.
5:40 of 3rd period - Shot by Mike Comrie.
5:40 of 3rd period - Stopped by Jose Theodore without a rebound.
5:41 of 3rd period - Derek Armstrong wins face-off versus Sergei Brylin in Avalanche zone.
5:54 of 3rd period - Shot by Jamie Langenbrunner.
5:54 of 3rd period - Shot Blocked by Jordan Leopold.
5:57 of 3rd period - Shot by Jamie Langenbrunner.
5:57 of 3rd period - Stopped by Jose Theodore without a rebound.
5:58 of 3rd period - Joe Sakic wins face-off versus Patrik Elias in Avalanche zone.
6:14 of 3rd period - Joe Sakic is hit by Scott Gomez and loses puck.
6:25 of 3rd period - Minor Penalty to Jaroslav Spacek for Holding.
6:26 of 3rd period - Mike Comrie wins face-off versus Joe Sakic in Avalanche zone.
6:34 of 3rd period - Icing by Paul Martin.
6:35 of 3rd period - Joe Sakic wins face-off versus Mike Comrie in Devils zone.
6:36 of 3rd period - Shot by Vyacheslav Kozlov.
6:36 of 3rd period - Shot Misses the Net.
6:38 of 3rd period - Icing by Colin White.
6:39 of 3rd period - Joe Sakic wins face-off versus John Madden in Devils zone.
7:28 of 3rd period - Shot by Miroslav Satan.
7:28 of 3rd period - Shot Misses the Net.
7:31 of 3rd period - Shot by Scott Gomez.
7:31 of 3rd period - Shot Misses the Net.
9:36 of 3rd period - Shot by Niko Kapanen.
9:36 of 3rd period - Stopped by Martin Brodeur without a rebound.
9:37 of 3rd period - Derek Armstrong wins face-off versus Mike Comrie in Devils zone.
9:48 of 3rd period - Shot by Brian Gionta.
9:48 of 3rd period - Stopped by Jose Theodore without a rebound.
9:49 of 3rd period - Joe Sakic wins face-off versus Mike Comrie in Avalanche zone.
10:14 of 3rd period - Shot by Joffrey Lupul.
10:14 of 3rd period - Shot Misses the Net.
10:15 of 3rd period - Shot by Jaroslav Spacek.
10:15 of 3rd period - Stopped by Martin Brodeur with a rebound.
10:32 of 3rd period - Shot by Joffrey Lupul.
10:32 of 3rd period - Stopped by Martin Brodeur without a rebound.
10:33 of 3rd period - Niko Kapanen wins face-off versus Sergei Brylin in Devils zone.
10:48 of 3rd period - Shot by Niko Kapanen.
10:48 of 3rd period - Stopped by Martin Brodeur without a rebound.
10:49 of 3rd period - Scott Gomez wins face-off versus Derek Armstrong in Devils zone.
11:00 of 3rd period - Shot by Miroslav Satan.
11:00 of 3rd period - Shot Misses the Net.
11:03 of 3rd period - Shot by Patrik Elias.
11:03 of 3rd period - Stopped by Jose Theodore without a rebound.
11:04 of 3rd period - Steve Konowalchuk wins face-off versus Sergei Brylin in Avalanche zone.
11:22 of 3rd period - Icing by Chris Campoli.
11:23 of 3rd period - Niko Kapanen wins face-off versus Sergei Brylin in Devils zone.
11:38 of 3rd period - Shot by Jamie Langenbrunner.
11:38 of 3rd period - Shot Misses the Net.
11:39 of 3rd period - Shot by Brad Lukowich.
11:39 of 3rd period - Stopped by Jose Theodore without a rebound.
11:40 of 3rd period - Scott Gomez wins face-off versus Derek Armstrong in Avalanche zone.
12:23 of 3rd period - Shot by Miroslav Satan.
12:23 of 3rd period - Shot Misses the Net.
12:31 of 3rd period - Icing by Keith Ballard.
12:32 of 3rd period - Mike Comrie wins face-off versus Derek Armstrong in Avalanche zone.
13:48 of 3rd period - Minor Penalty to Brad Lukowich for Tripping.
13:49 of 3rd period - Joe Sakic wins face-off versus Patrik Elias in Devils zone.
14:04 of 3rd period - Shot by Joe Sakic.
14:04 of 3rd period - Stopped by Martin Brodeur without a rebound.
14:05 of 3rd period - Joe Sakic wins face-off versus Patrik Elias in Devils zone.
14:28 of 3rd period - Shot by Vyacheslav Kozlov.
14:28 of 3rd period - Stopped by Martin Brodeur with a rebound.
14:31 of 3rd period - Shot by Joe Sakic.
14:31 of 3rd period - Stopped by Martin Brodeur with a rebound.
14:45 of 3rd period - Icing by Vyacheslav Kozlov.
14:46 of 3rd period - Joe Sakic wins face-off versus Patrik Elias in Avalanche zone.
15:24 of 3rd period - Off-side.
15:25 of 3rd period - Joe Sakic wins face-off versus Patrik Elias in neutral zone.
15:56 of 3rd period - Shot by Mike York.
15:56 of 3rd period - Shot Blocked by Chris Campoli.
16:32 of 3rd period - Keith Ballard is hit by Jamie Langenbrunner and loses puck.
16:37 of 3rd period - Off-side.
16:38 of 3rd period - Pierre Turgeon wins face-off versus Zach Parise in neutral zone.
16:38 of 3rd period - Antti Laaksonen is hit by Richard Matvichuk and loses puck.
17:11 of 3rd period - Minor Penalty to Juraj Kolnik for Elbowing.
17:12 of 3rd period - Joe Sakic wins face-off versus Brian Gionta in Devils zone.
17:17 of 3rd period - Shot by Joe Sakic.
17:17 of 3rd period - Shot Blocked by Colin White.
17:20 of 3rd period - Shot by Joe Sakic.
17:20 of 3rd period - Shot Hit the Post.
17:25 of 3rd period - Shot by Joe Sakic.
17:25 of 3rd period - Goal by Vyacheslav Kozlov - Devils : 2 - Avalanche : 2.
17:26 of 3rd period - John Madden wins face-off versus Brett McLean in neutral zone.
17:49 of 3rd period - Shot by Mike Comrie.
17:49 of 3rd period - Stopped by Jose Theodore without a rebound.
17:50 of 3rd period - Sergei Brylin wins face-off versus Pierre Turgeon in Avalanche zone.
17:57 of 3rd period - Shot by Jamie Langenbrunner.
17:57 of 3rd period - Shot Misses the Net.
17:57 of 3rd period - Minor Penalty to Steve Konowalchuk for Clipping.
17:58 of 3rd period - Scott Gomez wins face-off versus Joe Sakic in Avalanche zone.
18:09 of 3rd period - Shot by Scott Gomez.
18:09 of 3rd period - Stopped by Jose Theodore without a rebound.
18:10 of 3rd period - Joe Sakic wins face-off versus Mike Comrie in Avalanche zone.
19:04 of 3rd period - Icing by Brian Rafalski.
19:05 of 3rd period - Joffrey Lupul wins face-off versus Scott Gomez in Devils zone.

Overtime #1

0:01 of 1st overtime period - Scott Gomez wins face-off versus Joe Sakic in neutral zone.
0:26 of 1st overtime period - Shot by Scott Gomez.
0:26 of 1st overtime period - Stopped by Jose Theodore without a rebound.
0:27 of 1st overtime period - Miroslav Satan wins face-off versus Joffrey Lupul in Avalanche zone.
0:48 of 1st overtime period - Shot by Mike York.
0:48 of 1st overtime period - Stopped by Martin Brodeur without a rebound.
0:49 of 1st overtime period - Joe Sakic wins face-off versus Patrik Elias in Devils zone.
0:54 of 1st overtime period - Shot by Vyacheslav Kozlov.
0:54 of 1st overtime period - Shot Misses the Net.
0:59 of 1st overtime period - Shot by Joe Sakic.
0:59 of 1st overtime period - Shot Misses the Net.
1:00 of 1st overtime period - Shot by Jordan Leopold.
1:00 of 1st overtime period - Shot Misses the Net.
1:32 of 1st overtime period - Icing by Chris Chelios.
1:33 of 1st overtime period - Patrik Elias wins face-off versus Joffrey Lupul in Devils zone.
1:56 of 1st overtime period - Shot by Mike York.
1:56 of 1st overtime period - Shot Misses the Net.
1:59 of 1st overtime period - Shot by Joffrey Lupul.
1:59 of 1st overtime period - Shot Misses the Net.
2:02 of 1st overtime period - Shot by Mike York.
2:02 of 1st overtime period - Shot Misses the Net.
2:03 of 1st overtime period - Shot by Karlis Skrastins.
2:03 of 1st overtime period - Shot Misses the Net.
3:13 of 1st overtime period - Off-side.
3:14 of 1st overtime period - Joe Sakic wins face-off versus Brian Gionta in neutral zone.
3:46 of 1st overtime period - Off-side.
3:47 of 1st overtime period - Joffrey Lupul wins face-off versus Mike Comrie in neutral zone.
4:46 of 1st overtime period - Shot by Brian Gionta.
4:46 of 1st overtime period - Goal by Miroslav Satan - Devils : 3 - Avalanche : 2.


Output by the SimonT Hockey Simulator (STHS) for Stephane Roy -- Original Page W3C XHTML 1.0 Valid